 Dungeon Crawl Stone Soup version 0.30-a0-782-ge64f9170bb (webtiles) character file.

Game seed: 8727712636389602743

33499 Dirian the Warrior (level 13, -1/136 HPs)
             Began as a Minotaur Fighter on Mar 5, 2023.
             Was an Elder of Makhleb.
             Slain by a 20-headed hydra (12 damage)
             ... on level 15 of the Dungeon.
             The game lasted 00:30:57 (13766 turns).

Dirian the Warrior (Minotaur Fighter)              Turns: 13766, Time: 00:30:57

Health: -1/136     AC: 24    Str: 25    XL:     13   Next: 37%
Magic:  15/15      EV:  8    Int:  5    God:    Makhleb [****..]
Gold:   594        SH: 11    Dex: 17    Spells: 12/12 levels left

rFire   + . .      SeeInvis +    b - +0 broad axe (spect)
rCold   . . .      Faith    .    c - +0 buckler
rNeg    . . .      Spirit   .    l - +4 chain mail {rF+}
rPois   +          Reflect  +    (helmet restricted)
rElec   +          Harm     .    k - +1 cloak
rCorr   .          Rampage  +    v - +2 pair of gloves
Will    +....                    K - +2 pair of boots {rampage} Stlth
                                 g - amulet of reflection
HPRegen 0.42/turn                P - +6 ring of dexterity
MPRegen 0.14/turn                B - ring "Beull" {rElec rPois Will+ SInv}

@: studying Evocations
A: horns 2, retaliatory headbutt
a: Renounce Religion, Minor Destruction, Lesser Servant of Makhleb, Major
Destruction


You were on level 15 of the Dungeon.
You worshipped Makhleb.
Makhleb was greatly pleased with you.
You visited 2 branches of the dungeon, and saw 16 of its levels.
You visited the Abyss 1 time.

You collected 1080 gold pieces.
You spent 486 gold pieces at shops.

Inventory:

Hand Weapons
 a - a +3 vampiric war axe
 b - a +0 spectral broad axe (weapon)
 j - a +2 scimitar of flaming
Missiles
 H - 6 throwing nets (quivered)
Armour
 c - a +0 buckler (worn)
 k - a +1 cloak (worn)
 l - a +4 chain mail of fire resistance (worn)
 v - a +2 pair of gloves (worn)
 F - a +0 tower shield
 I - the +5 plate armour "Couz" {rC- Will+++ rCorr Stlth+}
   (You found it on level 10 of the Dungeon)

   rC:        It makes you vulnerable to cold.
   rCorr:     It protects you from acid and corrosion.
   Will:      It greatly increases your willpower.
   Stlth:     It makes you more stealthy.
 K - a +2 pair of boots of rampaging (worn)
 N - a +0 plate armour of cold resistance
Jewellery
 e - an amulet of regeneration
 g - an amulet of reflection (around neck)
 B - the ring "Beull" (right hand) {rElec rPois Will+ SInv}
   (You took it off a gnoll bouda on level 7 of the Dungeon)

   [ring of see invisible]

   rElec:     It insulates you from electricity.
   rPois:     It protects you from poison.
   SInv:      It lets you see invisible.
   Will:      It increases your willpower.
 J - a ring of protection from cold
 M - a ring of fire
 P - a +6 ring of dexterity (left hand)
Wands
 o - a wand of roots (9)
 y - a wand of mindburst (3)
 A - a wand of light (8)
 E - a wand of paralysis (5)
Scrolls
 r - 2 scrolls of identify
 s - 4 scrolls of butterflies
 t - 4 scrolls of teleportation
 x - 3 scrolls of enchant armour
 z - 4 scrolls of blinking
 C - 4 scrolls of fog
 G - 2 scrolls of fear
Potions
 d - 2 potions of might
 f - 4 potions of brilliance
 h - 2 potions of haste
 i - 4 potions of attraction
 m - a potion of flight
 n - 2 potions of resistance
 p - 3 potions of berserk rage
 q - 10 potions of curing
 u - 3 potions of lignification
 w - 3 potions of heal wounds
 D - 2 potions of magic
 L - a potion of invisibility
 O - 2 potions of cancellation


   Skills:
 + Level 18.4 Fighting
 - Level 15.0 Axes
 - Level 10.0 Armour
 - Level 1.0 Dodging
 + Level 8.0 Shields
 - Level 5.0 Invocations
 - Level 5.0 Evocations


You had 12 spell levels left.
You didn't know any spells.
Your spell library contained the following spells:

 Spells                   Type           Power      Damage    Failure   Level
 Kiss of Death            Conj/Necr      0%         2d5       98%         1
 Slow                     Hex            0%         N/A       98%         1
 Confusing Touch          Hex            0%         N/A       100%        3
 Vampiric Draining        Necr           0%         2d6       100%        3
 Animate Dead             Necr           0%         N/A       100%        4
 Dispel Undead            Necr           0%         3d6       100%        4
 Borgnjor's Vile Clutch   Necr/Erth      0%         N/A       100%        5
 Freezing Cloud           Conj/Ice/Air   0%         6-21      100%        5
 Death Channel            Necr           0%         N/A       100%        6
 Simulacrum               Ice/Necr       0%         N/A       100%        6
 Polar Vortex             Ice            0%         N/A       100%        9


Dungeon Overview and Level Annotations

Branches:
Dungeon (15/15) Zot: 26867  Temple (1/1) D:7 Zot: 5895    Lair (0/5) D:8
    Orc (0/2) D:12         Vaults (0/5) D:13
 Depths: D:15

Altars:
Ashenzari
Cheibriados
Dithmenos
Elyvilon
Fedhas
Gozag
Hepliaklqana
Kikubaaqudgha
Makhleb
Nemelex Xobeh
Okawaru
Qazlal
Ru
Sif Muna
Trog
Uskayaw
Vehumet
Wu Jian
Xom
Yredelemnul
Zin
The Shining One

Shops:
D:3 *   D:6 [   D:10 [[[*

Annotations:
D:15 3 runed translucent doors, Qogig's ghost, journeyman TrCA


Innate Abilities, Weirdness & Mutations

You have a pair of horns on your head.
You reflexively headbutt those who attack you in melee.


Message History

The 17-headed hydra is heavily wounded.
Your +0 spectral broad axe hits the 17-headed hydra!
Your +0 spectral broad axe chops one of the 17-headed hydra's heads off!
The 16-headed hydra grows two more!
You block the 18-headed hydra's attack.
The 18-headed hydra bites you. x2; The 18-headed hydra barely misses you.
The 18-headed hydra closely misses you.
The 18-headed hydra bites you but does no damage. x2
You block the 18-headed hydra's attack.
The 18-headed hydra bites you but does no damage.
The 18-headed hydra bites you.
* * * LOW HITPOINT WARNING * * *
You block the 18-headed hydra's attack. The 18-headed hydra barely misses you.
The 18-headed hydra bites you but does no damage. x3
The 18-headed hydra barely misses you.
The 18-headed hydra bites you but does no damage. x2
You chop one of the 18-headed hydra's heads off!
The 17-headed hydra grows two more!
You slash the 19-headed hydra!
The 19-headed hydra is heavily wounded.
Your +0 spectral broad axe hits the 19-headed hydra!!
Your +0 spectral broad axe hacks one of the 19-headed hydra's heads off!
The 18-headed hydra grows two more!
The 20-headed hydra bites you.
* * * LOW HITPOINT WARNING * * *
The 20-headed hydra bites you but does no damage.
The 20-headed hydra closely misses you. The 20-headed hydra barely misses you.
You block the 20-headed hydra's attack.
The 20-headed hydra bites you but does no damage.
The 20-headed hydra bites you.
* * * LOW HITPOINT WARNING * * *
The 20-headed hydra bites you but does no damage.
The 20-headed hydra bites you!
* * * LOW HITPOINT WARNING * * *
The 20-headed hydra bites you but does no damage.
The 20-headed hydra bites you!
* * * LOW HITPOINT WARNING * * *
The 20-headed hydra bites you but does no damage.
You block the 20-headed hydra's attack. x2
The 20-headed hydra barely misses you.
The 20-headed hydra bites you but does no damage.
The 20-headed hydra barely misses you. x2; The 20-headed hydra bites you!
You die...

. #..........#.#
...####'#######.#
####(............
...#####.........
.......#.........
.......#.........
.......#.........
.......#'#######+
......D@........
......(.........
................
................
................
................
.###############


You could see a 20-headed hydra and a friendly +0 spectral broad axe (summoned).

Vanquished Creatures
  A broodmother (shapeshifter) (D:13)
  A catoblepas (D:14)
  A hydra (D:14)
  A centaur warrior (D:11)
  A boulder beetle (D:11)
  5 two-headed ogres
  A tengu warrior (D:13)
  A fire crab (shapeshifter) (D:11)
  Pikel (D:6)
  2 deep elf pyromancers
  The ghost of Crownlay the Skirmisher, a novice SpHu (D:7)
  2 cyclopes
  4 manticores
  10 ugly things
  2 rust devils (D:11)
  4 gargoyles
  A freezing wraith (D:15)
  3 kobold demonologists (D:13)
  A komodo dragon (D:11)
  2 efreet
  A yaktaur (shapeshifter) (D:13)
  An unseen horror (D:11)
  A tengu conjurer (D:13)
  A hornet (D:11)
  6 trolls
  Grinder (D:4)
  9 slime creatures
  Sigmund (D:3)
  3 shadows
  A wraith (D:11)
  15 yaks
  3 vampires
  2 wyverns
  3 steam dragons
  Eustachio (D:4)
  Menkaure (D:6)
  8 vampire mosquitoes
  2 acid dragons
  2 water moccasins
  7 orc warriors
  A sky beast (D:7)
  2 ice beasts
  2 ogres
  4 centaurs
  A wolf (D:9)
  2 phantoms
  2 lemures (D:6)
  5 kobold brigands
  Blork the orc (D:5)
  2 bullfrogs (D:7)
  A necrophage (D:6)
  2 scorpions
  8 gnoll sergeants
  10 electric eels
  4 howler monkeys
  13 hounds
  A jelly (D:6)
  9 orc priests
  4 gnoll boudas
  5 iguanas
  3 iron imps (D:9)
  11 orc wizards
  43 gnolls
  5 adders
  3 shadow imps
  A white imp (D:5)
  A worm (D:2)
  31 orcs
  6 endoplasms
  3 giant cockroaches
  7 goblins
  11 hobgoblins
  11 jackals
  3 quokkas
  4 ball pythons
  5 bats
  A frilled lizard (D:3)
  21 kobolds
  4 rats
367 creatures vanquished.

Vanquished Creatures (others)
  A kobold brigand (D:9)
  2 orcs (D:8)
  17 plants
20 creatures vanquished.

Grand Total: 387 creatures vanquished

Notes
Turn   | Place    | Note
-------+----------+-------------------------------------------
     0 | D:1      | Dirian the Minotaur Fighter began the quest for the Orb.
     0 | D:1      | Reached XP level 1. HP: 19/19 MP: 0/0
   321 | D:1      | Reached XP level 2. HP: 27/27 MP: 1/1
   600 | D:1      | Reached skill level 4 in Fighting
  1104 | D:2      | Reached XP level 3. HP: 31/33 MP: 2/2
  1908 | D:3      | Found Erhyoh's Assorted Antiques.
  1936 | D:3      | Noticed Sigmund
  1942 | D:3      | Reached XP level 4. HP: 40/40 MP: 3/3
  1944 | D:3      | Killed Sigmund
  1945 | D:3      | Reached XP level 5. HP: 38/47 MP: 4/4
  2096 | D:3      | You fall into a shaft and drop 2 floors!
  2096 | D:5      | Entered Level 5 of the Dungeon
  2158 | D:4      | Reached skill level 5 in Axes
  2166 | D:4      | Noticed Eustachio
  2187 | D:4      | Killed Eustachio
  2188 | D:4      | Reached skill level 5 in Fighting
  2188 | D:4      | Reached skill level 5 in Shields
  2188 | D:4      | Reached XP level 6. HP: 30/56 MP: 5/5
  2309 | D:4      | Noticed Grinder
  2320 | D:4      | Paralysed by Grinder for 2 turns
  2337 | D:4      | Reached skill level 5 in Armour
  2346 | D:4      | Killed Grinder
  2347 | D:4      | Reached XP level 7. HP: 61/61 MP: 6/6
  2793 | D:3      | Bought a scroll labelled KOIMUOM LAENG for 21 gold pieces
  2793 | D:3      | Bought a scroll labelled QATOMIL ENIMPI for 21 gold pieces
  2793 | D:3      | Bought a runed chain mail for 157 gold pieces
  2923 | D:4      | Found a large runed translucent door.
  2924 | D:4      | Found a large runed translucent door.
  2976 | D:4      | Reached skill level 6 in Fighting
  3343 | D:4      | Found a basalt altar of Yredelemnul.
  3346 | D:4      | Found a radiant altar of Vehumet.
  3502 | D:5      | Noticed Blork the orc
  3505 | D:5      | Killed Blork the orc
  3506 | D:5      | Reached XP level 8. HP: 64/71 MP: 7/7
  3786 | D:5      | Reached skill level 7 in Fighting
  4154 | D:6      | Found Coankock's Antique Armour Emporium.
  4263 | D:6      | Noticed Menkaure
  4269 | D:6      | Killed Menkaure
  4334 | D:6      | Reached skill level 8 in Fighting
  4334 | D:6      | Reached skill level 10 in Axes
  4625 | D:6      | Noticed Pikel
  4638 | D:6      | Killed Pikel
  4639 | D:6      | Reached skill level 9 in Fighting
  4639 | D:6      | Reached XP level 9. HP: 68/83 MP: 8/8
  4850 | D:7      | Found a staircase to the Ecumenical Temple.
  4955 | D:7      | Identified the +0 ring mail "Lyuhamm" {Will+}
  5055 | D:7      | Found a white marble altar of Elyvilon.
  5145 | D:7      | Reached skill level 1 in Evocations
  5250 | D:7      | Found a transporter.
  5265 | D:7      | Identified the ring "Beull" {rElec rPois Will+ SInv}
  5616 | D:7      | Reached skill level 10 in Fighting
  6208 | D:7      | Found a transporter.
  6325 | Temple   | Entered the Ecumenical Temple
  6476 | D:7      | Noticed Crownlay's ghost (novice SpHu)
  6504 | D:7      | Killed Crownlay's ghost
  6505 | D:7      | Reached XP level 10. HP: 60/94 MP: 9/9
  6761 | D:8      | Found a staircase to the Lair.
  6969 | D:8      | Found a glowing silver altar of Zin.
  6970 | D:8      | Found a shimmering blue altar of Sif Muna.
  7055 | D:8      | Reached skill level 11 in Fighting
  8020 | D:9      | Found a burning altar of Makhleb.
  8039 | D:9      | Became a worshipper of Makhleb the Destroyer
  8111 | Abyss:1  | Cast into level 1 of the Abyss (gnoll sergeant)
  8129 | Abyss:1  | Found a corrupted altar of Lugonu.
  8132 | D:9      | Escaped the Abyss
  8314 | D:9      | Reached skill level 12 in Fighting
  8317 | D:9      | Reached * piety under Makhleb
  8318 | D:9      | Reached skill level 5 in Evocations
  8898 | D:10     | Entered Level 10 of the Dungeon
  8898 | D:10     | Found Pejysh's Armour Shoppe.
  8925 | D:10     | Found Unism's Antique Armour Emporium.
  8928 | D:10     | Noticed a two-headed ogre
  8932 | D:10     | Found Huqum's Armour Boutique.
  8938 | D:10     | Killed a two-headed ogre
  8939 | D:10     | Reached XP level 11. HP: 105/105 MP: 10/10
  8978 | D:10     | Reached ** piety under Makhleb
  9304 | D:10     | Reached skill level 1 in Invocations
  9445 | D:10     | Identified the +5 plate armour "Couz" {rC- Will+++ rCorr
                  | Stlth+}
  9507 | D:10     | Found Viol's General Store.
  9531 | D:10     | Bought a potion of heal wounds for 85 gold pieces
  9775 | D:10     | Bought a pair of runed boots for 202 gold pieces
  9849 | D:11     | Noticed a two-headed ogre
  9858 | D:11     | Killed a two-headed ogre
  9909 | D:11     | Noticed a two-headed ogre
  9916 | D:11     | Killed a two-headed ogre
  9917 | D:11     | Reached skill level 15 in Axes
  9964 | D:11     | Noticed a two-headed ogre
  9972 | D:11     | Killed a two-headed ogre
  9973 | D:11     | Reached skill level 13 in Fighting
 10054 | D:11     | Noticed a centaur warrior
 10070 | D:11     | Killed a centaur warrior
 10223 | D:11     | Noticed a boulder beetle
 10242 | D:11     | Killed a boulder beetle
 10915 | D:11     | Paralysed by a hornet for 1 turns
 10923 | D:11     | Reached skill level 14 in Fighting
 11212 | D:11     | Reached XP level 12. HP: 113/117 MP: 14/14
 11257 | D:11     | Reached *** piety under Makhleb
 11665 | D:12     | Reached skill level 15 in Fighting
 11665 | D:12     | Reached skill level 10 in Armour
 11738 | D:12     | Found a staircase to the Orcish Mines.
 11782 | D:12     | Reached skill level 5 in Invocations
 11948 | D:13     | Noticed a tengu warrior
 11957 | D:13     | Reached skill level 16 in Fighting
 11959 | D:13     | Killed a tengu warrior
 12081 | D:13     | Reached **** piety under Makhleb
 12087 | D:13     | Reached skill level 1 in Dodging
 12192 | D:13     | Reached skill level 17 in Fighting
 12512 | D:13     | Noticed a broodmother
 12526 | D:13     | Killed a broodmother
 12527 | D:13     | Reached XP level 13. HP: 81/133 MP: 15/15
 12659 | D:13     | Found a gate to the Vaults.
 13011 | D:14     | Reached skill level 18 in Fighting
 13250 | D:14     | Found a broken altar of Ashenzari.
 13629 | D:15     | Entered Level 15 of the Dungeon
 13631 | D:15     | Noticed Qogig's ghost (journeyman TrCA)
 13635 | D:15     | Noticed a minotaur
 13710 | D:15     | Found a runed translucent gate.
 13710 | D:15     | Found a runed translucent gate.
 13710 | D:15     | Found a runed translucent gate.
 13766 | D:15     | Slain by a 20-headed hydra

Illustrated notes

Levels and vault maps discovered:
D:1:      nicolae_arrival_washed_ashore, layout_rooms, serial_co_window_serial,
          co_window_paths_a, co_window_paths_a, co_window_corner_a,
          co_window_corner_a, co_window_of_opportunity_a, co_window_corner_a,
          co_window_unsneaky_path_c, co_window_broadway_c, co_window_2corner,
          co_window_unsneaky_path_b, co_window_of_opportunity_b,
          co_window_corner_ca, co_window_paths_c, glass_columns_b,
          glass_columns_a, glass_columns_c, minmay_tetromino_o4
D:2:      layout_basic
D:3:      layout_loops_ring, serial_shops, shop_fountains,
          serial_park_tiny_pond, hangedman_decor_push, uniq_sigmund
D:4:      layout_loops_cross, jmf_multi_god_temple2, kennysheep_generic_room_4,
          uniq_grinder, uniq_eustachio
D:5:      layout_basic, serial_curves, eino_curves_03, eino_curves_02,
          eino_curves_02, minivault_5, uniq_blork_the_orc
D:6:      layout_basic, serial_shops, nicolae_stop_n_shop_2,
          kennysheep_generic_room_15, uniq_pikel, uniq_menkaure
D:7:      layout_layer_cave, lemuel_tele_altar, minmay_temple_entry_nine_rooms,
          gammafunk_ghost_gnarly_gnolls, amcnicky_mini_rare_corridor_liquid,
          chequers_serial_rivers_micro_c
D:8:      layout_rooms, gammafunk_temple_overflow_statue, erik_lair_island,
          chequers_big_river
D:9:      layout_big_octagon, demons_altar, serial_gnoll_camp,
          gnoll_camp_mini_loothouse, gnoll_camp_huts_moat, gnoll_camp_medium_01,
          gnoll_camp_mini_doghouse
D:10:     cheibrodos_iron_armory, layout_irregular_city, serial_shops,
          nicolae_stop_n_shop_1, nicolae_shop_waterfront, shop, shop,
          serial_park_tiny_pond, wad_floor_pattern_untrapped,
          palyth_stone_intersect
D:11:     minmay_razor_zed, layout_irregular_city
D:12:     layout_roguey, orc_0_dummy, due_unseen_surprise
D:13:     layout_long_grid, david_vaults_4
D:14:     layout_loops_ring, ashenzari_conservatory_becter
D:15:     grunt_enter_depths_hoard, layout_irregular_city,
          maelrawn_ghost_gauntlet_escape, uniq_rupert
Temple:   nicolae_temple_superstar

Skill      XL: |  1  2  3  4  5  6  7  8  9 10 11 12 13 |
---------------+----------------------------------------+-----
Armour         | 4 5 6 9 10 | 10.0
Fighting       | 4 5 6 9 10 12 14 17 18 | 18.4
Shields        | 4 5 6 8 |  8.0
Axes           | 3 4 5 7 8 11 12 14 15 | 15.0
Evocations     | 2 5 |  5.0
Invocations    | 4 5 |  5.0
Dodging        | 1 |  1.0

Action                     |  1- 3 |  4- 6 |  7- 9 | 10-12 | 13-15 || total
---------------------------+-------+-------+-------+-------+-------++-------
  Melee: War axe           |    77 |    36 |   240 |   655 |    72 ||  1080
         Headbutt          |     8 |     5 |    46 |   173 |    30 ||   262
         Broad axe         |       |       |       |       |    11 ||    11
  Evoke: Wand              |       |       |       |     2 |       ||     2
    Use: Potion            |     1 |     1 |     1 |       |       ||     3
         Scroll            |       |       |    17 |    13 |     2 ||    32
   Stab: Invisible         |       |       |     1 |       |       ||     1
         Paralysed         |       |       |       |     5 |       ||     5
 Armour: Scale mail        |    34 |    15 |     5 |       |       ||    54
         Chain mail        |       |       |   102 |   276 |    83 ||   461
  Dodge: Dodged            |    35 |    14 |    46 |   180 |    38 ||   313
  Block: Buckler           |    44 |    18 |   110 |   327 |    59 ||   558
         Reflection        |       |       |     1 |    42 |     2 ||    45

Table legend: (Time is in decaauts)
 A = Elapsed time spent in this place.
 B = Non-inter-level travel time spent in this place.
 C = Inter-level travel time spent in this place.
 D = Time resting spent in this place.
 E = Time spent auto-exploring this place.
 F = Levels seen in this place.
 G = Mean time per level.
                   A        B        C        D        E       F      G
               +--------+--------+--------+--------+--------+-----+--------+
         Total |  13697 |  12998 |    699 |    674 |   9801 |  17 |  805.7 |
       Dungeon |  13571 |  12887 |    684 |    674 |   9728 |  15 |  904.7 |
        Temple |    104 |     89 |     15 |      0 |     73 |   1 |  104.0 |
         Abyss |     20 |     20 |      0 |      0 |      0 |   1 |   20.0 |
               +--------+--------+--------+--------+--------+-----+--------+

Top non-repeatable levels by time:
     D:7: 1872 daAuts
    D:11: 1281 daAuts
    D:10: 1169 daAuts
     D:9: 1089 daAuts
     D:8: 1041 daAuts
    D:13: 1020 daAuts
     D:4: 973 daAuts
     D:1: 907 daAuts
     D:5: 811 daAuts
     D:2: 797 daAuts
     D:3: 716 daAuts
    D:14: 634 daAuts
     D:6: 595 daAuts
    D:12: 528 daAuts
    D:15: 131 daAuts
